[Event "Titled Tuesday Blitz May 16 Early 2023"]
[White "Rian, Kapriaga"]
[Black "Begunov, Konstantin"]
[WhiteFideId "7103263"]
[BlackFideId "4118510"]
[WhiteElo "2315"]
[BlackElo "2050"]
[Result "1/2-1/2"]
[Round "09"]
[TimeControl "180+2"]
[Date "2023.05.16"]
[WhiteClock "0:00:03"]
[BlackClock "0:00:06"]

1. d4 d5 2. Nf3 c6 3. Bf4 Bg4 4. e3 Nd7 5. h3 Bh5 6. c4 e6 7. Nc3 Ngf6 8. Be2 Be7 9. O-O O-O 10. Qb3 Qc8 11. Rfc1 dxc4 12. Qxc4 Nb6 13. Qb3 Nbd5 14. Bg3 Nxc3 15. Rxc3 Ne4 16. Rcc1 Nxg3 17. fxg3 Bd6 18. g4 Bg6 19. Bd3 Bxd3 20. Qxd3 Qd8 21. e4 Qb6 22. e5 Be7 23. Kh2 Rad8 24. Qe3 Rd5 25. a3 c5 26. dxc5 Bxc5 27. Qe4 Be3 28. Rc3 Bd2 29. Rd3 Rfd8 30. Rxd5 Rxd5 31. b4 Qf2 32. Rg1 Be3 33. Re1 Bd2 34. Re2 Bf4+ 35. Qxf4 Qxe2 36. h4 h6 37. g5 h5 38. g6 fxg6 39. Kh3 Qd3 40. Kh2 Qf5 41. Qe3 Rd3 42. Qe2 Qf4+ 43. Kg1 Rc3 44. Kf2 Rxa3 45. Qc2 Qe3+ 46. Kg3 Kh7 47. Kh2 Qf4+ 48. Kg1 Ra1+ 49. Kf2 Ra3 50. Kg1 Qe3+ 51. Kh2 Qf4+ 52. Kg1 1/2-1/2


[Site "https://www.chess.com"]

[Event "Titled Tuesday Blitz May 16 Early 2023"]
[White "Rose, Felix"]
[Black "UNSTOPPABLE_LEGEND"]
[WhiteFideId "5105722"]
[WhiteElo "2039"]
[BlackElo "2447"]
[Result "0-1"]
[Round "09"]
[TimeControl "180+2"]
[Date "2023.05.16"]
[WhiteClock "0:00:00"]
[BlackClock "0:01:10"]

1. e4 c6 2. d4 d5 3. exd5 cxd5 4. Bd3 Nc6 5. c3 Nf6 6. Bf4 Bg4 7. Qb3 e5 8. dxe5 Nh5 9. Be3 Nxe5 10. Bb5+ Nc6 11. Qa4 Bd7 12. Qd1 Nf6 13. Nf3 Bd6 14. O-O Qc7 15. Bg5 a6 16. Re1+ Be6 17. Ba4 Ne4 18. Be3 O-O 19. Bb3 Rad8 20. Nbd2 f5 0-1


[Site "https://www.chess.com"]

[Event "Titled Tuesday Blitz May 16 Early 2023"]
[White "Labussiere, Yago"]
[Black "liwadas82"]
[WhiteFideId "2186969"]
[WhiteElo "2160"]
[BlackElo "2447"]
[Result "0-1"]
[Round "09"]
[TimeControl "180+2"]
[Date "2023.05.16"]
[WhiteClock "0:00:06"]
[BlackClock "0:00:41"]

1. c4 e5 2. Nc3 Nf6 3. Nf3 Nc6 4. e3 d5 5. cxd5 Nxd5 6. Bb5 Nxc3 7. bxc3 Bd6 8. d4 exd4 9. cxd4 O-O 10. O-O Bg4 11. h3 Bh5 12. Be2 Ne7 13. Bb2 c6 14. e4 Bc7 15. Nd2 Bxe2 16. Qxe2 Qd7 17. Rad1 Rad8 18. Nb3 b6 19. Rc1 f5 20. Ba3 fxe4 21. Qxe4 Bd6 22. Bxd6 Qxd6 23. Rfe1 Nd5 24. Qe6+ Qxe6 25. Rxe6 Nf4 26. Re3 Rd6 27. Rce1 Nd5 28. Re6 Rfd8 29. Rxd6 Rxd6 30. Re8+ Kf7 31. Ra8 a5 32. Rb8 a4 33. Nd2 b5 34. Ne4 Rd7 35. Ng5+ Kg6 36. Ne6 Re7 37. Nc5 Re1+ 38. Kh2 Re2 39. Rc8 h6 40. Rxc6+ Kh7 41. a3 Rxf2 42. Rd6 Nc3 43. Rb6 Rd2 44. Ne6 Rb2 45. Rb7 Kg6 46. Nxg7 b4 47. axb4 a3 48. Ra7 a2 49. Ne6 Rb1 50. Nf4+ Kf5 51. Nd3 a1=Q 52. Rxa1 0-1


[Site "https://www.chess.com"]

[Event "Titled Tuesday Blitz May 16 Early 2023"]
[White "Mikhaylova, Irina"]
[Black "Chernov, Mikhail"]
[WhiteFideId "4109040"]
[BlackFideId "24143170"]
[WhiteElo "1975"]
[BlackElo "2113"]
[Result "1-0"]
[Round "09"]
[TimeControl "180+2"]
[Date "2023.05.16"]
[WhiteClock "0:00:20"]
[BlackClock "0:00:06"]

1. d4 d5 2. Nf3 Nc6 3. c4 Bg4 4. cxd5 Bxf3 5. dxc6 Bxc6 6. Nc3 Nf6 7. e3 e6 8. Bb5 Bxb5 9. Nxb5 a6 10. Nc3 Be7 11. O-O O-O 12. Qe2 c5 13. dxc5 Bxc5 14. Rd1 Qe7 15. Bd2 Rfd8 16. Be1 Rac8 17. h3 b5 18. Rxd8+ Rxd8 19. Rd1 h6 20. Rd3 Rxd3 21. Qxd3 Qd6 22. Qxd6 Bxd6 23. f3 Kf8 24. e4 Be5 25. Nd1 Ke7 26. Bc3 Nd7 27. Kf2 Kd6 28. Ke3 g5 29. Bxe5+ Nxe5 30. g3 f5 31. exf5 exf5 32. f4 Nc4+ 33. Kd4 Na5 34. fxg5 hxg5 35. h4 Nc6+ 36. Kd3 gxh4 37. gxh4 Ke5 38. h5 Kf6 39. Ne3 f4 40. Nd5+ Kf5 41. h6 Ne5+ 42. Kd4 Nf7 43. Nxf4 Kxf4 44. Kc5 Ke4 45. Kb6 Kd4 46. Kxa6 Kc4 47. h7 b4 48. b3+ Kc5 49. Ka5 Nh8 50. Ka4 Nf7 51. a3 bxa3 52. b4+ Kb6 53. Kxa3 Kb5 54. Kb3 Nh8 55. Kc3 Nf7 56. Kd4 Nh8 57. Ke5 Kxb4 58. Kf6 Kc5 59. Kg7 Kd6 60. Kxh8 Ke7 61. Kg8 1-0


[Site "https://www.chess.com"]

[Event "Titled Tuesday Blitz May 16 Early 2023"]
[White "Balint, Vilmos"]
[Black "Womacka, Mathias"]
[WhiteFideId "718050"]
[BlackFideId "4611390"]
[WhiteElo "2034"]
[BlackElo "2377"]
[Result "0-1"]
[Round "09"]
[TimeControl "180+2"]
[Date "2023.05.16"]
[WhiteClock "0:01:36"]
[BlackClock "0:01:46"]

1. e4 c5 2. Nf3 d6 3. d4 cxd4 4. Bb5+ Bd7 5. Bxd7+ Qxd7 6. Nxd4 Nf6 7. f3 e5 8. Ne2 d5 9. exd5 Nxd5 10. Nbc3 Bb4 11. O-O Nxc3 12. bxc3 Bc5+ 13. Kh1 Qxd1 14. Rxd1 Nc6 15. Rb1 b6 16. Ng3 Rd8 17. Bd2 O-O 18. Ne4 Be7 19. Be3 f5 20. Ng5 Rxd1+ 21. Rxd1 f4 22. Ne6 Rf6 0-1


[Site "https://www.chess.com"]

[Event "Titled Tuesday Blitz May 16 Early 2023"]
[White "Blokhin, Sofia"]
[Black "DubiousM0ves532"]
[WhiteFideId "4508190"]
[WhiteElo "1994"]
[BlackElo "2432"]
[Result "1-0"]
[Round "09"]
[TimeControl "180+2"]
[Date "2023.05.16"]
[WhiteClock "0:01:11"]
[BlackClock "0:00:03"]

1. d4 Nf6 2. c4 e6 3. Nc3 Bb4 4. f3 d5 5. a3 Bxc3+ 6. bxc3 O-O 7. cxd5 exd5 8. e3 Bf5 9. Bd3 Bg6 10. Bxg6 hxg6 11. Nh3 c5 12. Bd2 Nc6 13. Nf4 Na5 14. h4 Nc4 15. h5 g5 16. Nd3 cxd4 17. cxd4 Re8 18. Kf2 g4 19. h6 g6 20. Ne5 Nxe5 21. dxe5 Rxe5 22. Bc3 Rf5 23. h7+ Kh8 24. Qd4 Qe7 25. Qxg4 Rc8 26. Qd4 Rc4 27. Qd3 Rxc3 28. Qxc3 Kg7 29. h8=Q# 1-0


[Site "https://www.chess.com"]

[Event "Titled Tuesday Blitz May 16 Early 2023"]
[White "Rosh Jain"]
[Black "Kielinkei"]
[WhiteFideId "25789465"]
[WhiteElo "2233"]
[BlackElo "2427"]
[Result "0-1"]
[Round "09"]
[TimeControl "180+2"]
[Date "2023.05.16"]
[WhiteClock "0:00:00"]
[BlackClock "0:00:07"]

1. e4 c5 2. Nf3 d6 3. d4 cxd4 4. Nxd4 Nf6 5. Nc3 Nc6 6. Bc4 e6 7. Bb3 Be7 8. O-O O-O 9. Bg5 a6 10. f4 Qb6 11. Ne2 Nxe4 12. Bxe7 Nxe7 13. Qd3 Nc5 14. Qe3 Nxb3 15. Qxb3 Qxb3 16. axb3 Nc6 17. Nf3 d5 18. c3 b6 19. b4 Bb7 20. Ned4 Nxd4 21. Nxd4 Rfe8 22. Rfe1 Bc8 23. Nb5 Rd8 24. Nd4 Bd7 25. Ra2 Ra7 26. Rea1 Rda8 27. Re1 Kf8 28. Kf2 Ke7 29. Kf3 Kd6 30. Rea1 f6 31. Rd1 e5 32. Nb3 Ke6 33. Re1 Kd6 34. Rd1 Bc6 35. Kf2 Ke6 36. Kg3 Bb5 37. Re1 Kd6 38. Ra3 Re7 39. Rd1 Kc6 40. fxe5 fxe5 41. Re1 Rf8 42. Nd4+ Kd6 43. Nxb5+ axb5 44. Ra6 Kc6 45. b3 e4 46. Ra2 Rf6 47. h3 Re5 48. Kh2 Rfe6 0-1


[Site "https://www.chess.com"]

[Event "Titled Tuesday Blitz May 16 Early 2023"]
[White "Rodriguez Santiago, Jaime"]
[Black "LangesNasenhaar"]
[WhiteFideId "3100898"]
[WhiteElo "2025"]
[BlackElo "2425"]
[Result "1-0"]
[Round "09"]
[TimeControl "180+2"]
[Date "2023.05.16"]
[WhiteClock "0:00:31"]
[BlackClock "0:00:00"]

1. c4 e6 2. d4 d5 3. Nc3 c5 4. dxc5 d4 5. Ne4 Nc6 6. Nf3 f5 7. Nd6+ Bxd6 8. cxd6 Qxd6 9. g3 e5 10. Bg2 e4 11. Nd2 Nf6 12. O-O O-O 13. a3 a5 14. b3 Be6 15. Bb2 Rfd8 16. Qc2 Rac8 17. Rac1 h6 18. Rfd1 Qe7 19. c5 Ng4 20. h3 Nge5 21. Nc4 Bxc4 22. bxc4 Qxc5 23. Qb3 b6 24. g4 fxg4 25. Bxe4 gxh3 26. Bd5+ Kh8 27. Qxh3 Rf8 28. Rf1 Rcd8 29. Kh1 Rxd5 30. cxd5 Qxd5+ 31. f3 d3 32. e4 Qb3 33. Ba1 Kh7 34. f4 Qa4 35. fxe5 Qxe4+ 36. Qg2 Qxg2+ 37. Kxg2 Rxf1 38. Kxf1 1-0


[Site "https://www.chess.com"]

[Event "Titled Tuesday Blitz May 16 Early 2023"]
[White "Jodorcovsky Werjivker, Paulo"]
[Black "Shubenkova, Veronika"]
[WhiteFideId "3700305"]
[BlackFideId "44124040"]
[WhiteElo "2120"]
[BlackElo "2060"]
[Result "1-0"]
[Round "09"]
[TimeControl "180+2"]
[Date "2023.05.16"]
[WhiteClock "0:00:04"]
[BlackClock "0:00:20"]

1. e4 e6 2. d4 d5 3. Nd2 Nf6 4. e5 Nfd7 5. f4 c5 6. c3 Nc6 7. Ndf3 a6 8. a3 b5 9. b3 Qb6 10. h4 Bb7 11. Nh3 h6 12. Be3 a5 13. Bd3 b4 14. axb4 axb4 15. Rxa8+ Bxa8 16. c4 cxd4 17. cxd5 dxe3 18. dxc6 Bxc6 19. Qe2 Bc5 20. O-O O-O 21. Kh2 f6 22. h5 fxe5 23. Nxe5 Nxe5 24. fxe5 Rxf1 25. Qxf1 Bd4 26. Bg6 Bxe5+ 27. Kh1 Qb7 28. Ng1 Bf6 29. Ne2 Be4 30. Nf4 Bxg6 31. hxg6 Qc6 32. Nh5 Qc3 33. Qf3 Qa1+ 34. Kh2 Qe5+ 35. Ng3 Qb8 36. Kh1 Qa7 37. Ne4 Qa1+ 38. Kh2 Qd4 39. Ng3 Qa7 40. Qe4 e5 41. Qc4+ Kf8 42. Qc8+ Ke7 43. Nf5# 1-0


[Site "https://www.chess.com"]

[Event "Titled Tuesday Blitz May 16 Early 2023"]
[White "Clawitter, Craig"]
[Black "Rottenwohrer Suarez, Juan"]
[WhiteFideId "2023105"]
[BlackFideId "32068182"]
[WhiteElo "2272"]
[BlackElo "2174"]
[Result "0-1"]
[Round "09"]
[TimeControl "180+2"]
[Date "2023.05.16"]
[WhiteClock "0:00:00"]
[BlackClock "0:00:54"]

1. e4 c5 2. Nf3 g6 3. d4 cxd4 4. Nxd4 Nc6 5. Nc3 Bg7 6. Be3 Nf6 7. Bc4 O-O 8. Bb3 d5 9. exd5 Na5 10. O-O a6 11. Nde2 b5 12. Qd2 Bb7 13. Rad1 Nxb3 14. axb3 b4 15. Na4 Qxd5 16. f3 a5 17. Nb6 Qxd2 18. Rxd2 Ra6 19. Rfd1 h5 20. Rd8 Rxd8 21. Rxd8+ Kh7 22. Rb8 Bc6 23. Rc8 Nd5 24. Bd4 Bb7 25. Rb8 Bxd4+ 26. Nxd4 Rxb6 27. c4 bxc3 28. bxc3 Nxc3 29. Kf2 e5 0-1


[Site "https://www.chess.com"]

[Event "Titled Tuesday Blitz May 16 Early 2023"]
[White "Tarasova, Viktoriya"]
[Black "Kuchava, Ana"]
[WhiteFideId "4175840"]
[BlackFideId "13605348"]
[WhiteElo "2182"]
[BlackElo "2001"]
[Result "1/2-1/2"]
[Round "09"]
[TimeControl "180+2"]
[Date "2023.05.16"]
[WhiteClock "0:00:08"]
[BlackClock "0:00:11"]

1. d4 d5 2. c4 e6 3. Nc3 Be7 4. cxd5 exd5 5. Bf4 c6 6. e3 Bf5 7. h3 Nf6 8. g4 Bg6 9. Nge2 Ne4 10. Bg2 Nd7 11. Nxe4 Bxe4 12. f3 Bh4+ 13. Kf1 Bg6 14. e4 dxe4 15. fxe4 O-O 16. Bf3 Re8 17. e5 Nb6 18. Nc3 Bg5 19. Qc1 Bxf4 20. Qxf4 Nc4 21. b3 Na3 22. Kg2 Qa5 23. Ne2 Rad8 24. h4 h6 25. g5 h5 26. Rad1 Nc2 27. a4 Qb4 28. Be4 Bxe4+ 29. Qxe4 Qxb3 30. Rb1 Qxa4 31. Rxb7 Nxd4 32. Rf1 Qa2 33. Rfxf7 Qxe2+ 34. Qxe2 Nxe2 35. Rxg7+ Kh8 36. Rh7+ Kg8 37. Rhg7+ Kh8 38. Rh7+ Kg8 39. Rhg7+ 1/2-1/2


[Site "https://www.chess.com"]

[Event "Titled Tuesday Blitz May 16 Early 2023"]
[White "Kiseljova, Marya"]
[Black "Mohammed, Zozek Salah Mohammed"]
[WhiteFideId "4155009"]
[BlackFideId "4803361"]
[WhiteElo "1831"]
[BlackElo "2211"]
[Result "0-1"]
[Round "09"]
[TimeControl "180+2"]
[Date "2023.05.16"]
[WhiteClock "0:00:00"]
[BlackClock "0:01:05"]

1. d4 d5 2. c4 c6 3. Nf3 Nf6 4. g3 e6 5. Bg2 dxc4 6. O-O b5 7. a4 Bb7 8. b3 cxb3 9. Qxb3 a6 10. Bb2 Nbd7 11. Rc1 Qb6 12. Nbd2 c5 13. axb5 axb5 14. Rxa8+ Bxa8 15. dxc5 Bxc5 16. e3 O-O 17. Bf1 b4 18. Nc4 Qb7 19. Bg2 Be7 20. Bd4 Qb5 21. Na3 Qe2 22. Re1 Qa6 23. Nc2 Bd5 24. Qb2 b3 25. Ra1 Qe2 26. Nce1 Qb5 27. Nd2 Rb8 28. Ra7 Qe2 29. Nef3 Bc5 30. Bxf6 Nxf6 31. Rc7 Bd6 32. Rc1 Ra8 33. Nc4 Bxc4 0-1


[Site "https://www.chess.com"]

[Event "Titled Tuesday Blitz May 16 Early 2023"]
[White "MANOJ_MISHRA123"]
[Black "Chabris, Christopher"]
[BlackFideId "2005263"]
[WhiteElo "2179"]
[BlackElo "2375"]
[Result "1-0"]
[Round "09"]
[TimeControl "180+2"]
[Date "2023.05.16"]
[WhiteClock "0:00:02"]
[BlackClock "0:00:00"]

1. d4 Nf6 2. Bf4 e6 3. e3 c5 4. Nf3 Nc6 5. Nc3 cxd4 6. exd4 Bb4 7. Bd3 d5 8. O-O O-O 9. Ne2 Bd6 10. Ne5 Nb4 11. Bb5 a6 12. Ba4 b5 13. a3 bxa4 14. axb4 Bxb4 15. Rxa4 a5 16. c3 Bd6 17. b4 Ba6 18. Rxa5 Nh5 19. b5 Qxa5 20. bxa6 Qxa6 21. Bd2 Nf6 22. Nf4 Ne4 23. Nfd3 Qa2 24. Be1 Rfb8 25. f3 Nf6 26. Bh4 Rb1 27. Qxb1 Qd2 28. Qd1 Qe3+ 29. Bf2 Qg5 30. Qc1 Qh5 31. Qe3 Ra2 32. Nf4 Qg5 33. Rb1 h6 34. h4 Qf5 35. Rb8+ Kh7 36. Qd3 Ra1+ 37. Kh2 Ne4 38. fxe4 Qxf4+ 39. Bg3 Qf1 40. Qxf1 Rxf1 41. Nxf7 Bxg3+ 42. Kxg3 Rxf7 43. exd5 exd5 44. Rd8 Rc7 45. Rxd5 Rxc3+ 46. Kg4 Kg6 47. h5+ Kf6 48. Rd6+ Ke7 49. Rd5 Rd3 50. Re5+ Kf6 51. Re4 Rd2 52. Rf4+ Ke6 53. g3 Rd3 54. Kh4 Re3 55. Rg4 Kf6 56. Rf4+ Ke6 57. Rg4 Kf6 58. Kh3 Rd3 59. Rf4+ Ke6 60. Kg2 Rd2+ 61. Kf3 Rd3+ 62. Kg4 Re3 63. Kh4 Rd3 64. g4 Re3 65. g5 hxg5+ 66. Kxg5 Rg3+ 67. Rg4 Rd3 68. Kg6 Rh3 69. Re4+ 1-0


[Site "https://www.chess.com"]

[Event "Titled Tuesday Blitz May 16 Early 2023"]
[White "KSho99"]
[Black "Matveeva, Olga"]
[BlackFideId "24107018"]
[WhiteElo "2170"]
[BlackElo "2009"]
[Result "0-1"]
[Round "09"]
[TimeControl "180+2"]
[Date "2023.05.16"]
[WhiteClock "0:00:00"]
[BlackClock "0:00:17"]

1. Nf3 c5 2. e4 Nc6 3. Bb5 g6 4. O-O Bg7 5. Re1 e5 6. Bxc6 dxc6 7. d3 Qe7 8. a3 Nf6 9. b4 Nd7 10. Bg5 f6 11. Bd2 O-O 12. bxc5 Nxc5 13. a4 Be6 14. a5 Rad8 15. Bb4 b6 16. Nbd2 Rf7 17. Qb1 Bf8 18. Nb3 Qc7 19. Nxc5 bxc5 20. Bc3 c4 21. d4 exd4 22. Nxd4 Bc8 23. Qa2 Ba6 24. Qa4 c5 25. Ne6 Qe7 26. Nxd8 Qxd8 27. Qc6 Bb7 28. Qe6 f5 29. a6 Bxe4 30. Rad1 Qg5 31. Rxe4 fxe4 32. Qxc4 e3 33. fxe3 Qxe3+ 34. Kh1 Qf2 35. h3 Qf4 0-1


[Site "https://www.chess.com"]

[Event "Titled Tuesday Blitz May 16 Early 2023"]
[White "Li, Hui"]
[Black "Brown, Raehanna"]
[WhiteFideId "15400310"]
[BlackFideId "7402740"]
[WhiteElo "1966"]
[BlackElo "1655"]
[Result "1-0"]
[Round "09"]
[TimeControl "180+2"]
[Date "2023.05.16"]
[WhiteClock "0:01:02"]
[BlackClock "0:00:00"]

1. e4 c5 2. Nf3 Nc6 3. d4 cxd4 4. Nxd4 Nf6 5. Nc3 g6 6. Nxc6 bxc6 7. e5 Nh5 8. Bc4 Ng7 9. O-O Ne6 10. Re1 Bg7 11. Bxe6 dxe6 12. Qxd8+ Kxd8 13. Bg5 Re8 14. Rad1+ Kc7 15. Bf4 Ba6 16. Ne4 Rad8 17. Nf6 exf6 18. exf6+ e5 19. Rxd8 Kxd8 20. fxg7 f6 21. Be3 Rg8 22. Bxa7 Rxg7 23. Bc5 Rd7 24. Be3 Bc4 25. b3 Be6 26. f3 Kc7 27. Kf2 Rd8 28. a4 Rd5 29. Ke2 c5 30. Rd1 Rxd1 31. Kxd1 c4 32. b4 Bd7 33. a5 Bb5 34. c3 Kd6 35. Ke2 Kd5 36. Bb6 f5 37. Ke3 g5 38. Bd8 1-0


[Site "https://www.chess.com"]

[Event "Titled Tuesday Blitz May 16 Early 2023"]
[White "stratacticos"]
[Black "Nastase, Robert-Paul"]
[BlackFideId "1221175"]
[WhiteElo "1909"]
[BlackElo "2175"]
[Result "0-1"]
[Round "09"]
[TimeControl "180+2"]
[Date "2023.05.16"]
[WhiteClock "0:00:00"]
[BlackClock "0:00:03"]

1. e4 c5 2. b4 cxb4 3. a3 d5 4. exd5 Qxd5 5. Nf3 e5 6. c4 Qe6 7. axb4 Bxb4 8. Bb2 Nc6 9. Qa4 Nf6 10. Be2 O-O 11. O-O Bd6 12. d3 e4 13. dxe4 Nxe4 14. Bd3 Nc5 15. Qc2 Nxd3 16. Qxd3 Qg6 17. Qc3 Bh3 18. Nh4 Be5 19. Qxh3 Qg5 20. Nf3 Qf4 21. Nxe5 Nxe5 22. Bxe5 Qxe5 23. Nd2 Rfd8 24. Nf3 Qe4 25. Rac1 a5 26. Ng5 Qg6 27. f4 h6 28. Nf3 a4 29. Ne5 Qb6+ 30. Kh1 a3 31. Ra1 a2 32. Qf5 f6 33. Ng6 Kf7 34. Ne5+ Kg8 35. Ng6 Re8 36. Qd5+ Kh7 37. f5 Re3 38. h3 Rb3 39. c5 Rb1 40. cxb6 Rxf1+ 0-1


[Site "https://www.chess.com"]

[Event "Titled Tuesday Blitz May 16 Early 2023"]
[White "Grossboss19"]
[Black "dDobravcan"]
[WhiteElo "2422"]
[BlackElo "2149"]
[Result "1-0"]
[Round "09"]
[TimeControl "180+2"]
[Date "2023.05.16"]
[WhiteClock "0:00:17"]
[BlackClock "0:00:00"]

1. e4 d6 2. d4 Nf6 3. Nd2 e5 4. c3 c6 5. Ngf3 Qc7 6. Bd3 Be7 7. h3 O-O 8. O-O Re8 9. Re1 Bf8 10. Qc2 Nbd7 11. a4 b6 12. Nc4 Bb7 13. Bg5 Rad8 14. Rad1 h6 15. Bh4 Rc8 16. Bg3 Nh5 17. Bh2 a6 18. b4 b5 19. Na5 Ba8 20. Bf1 Ndf6 21. dxe5 dxe5 22. Nb3 Nf4 23. g3 Ne6 24. g4 Nf4 25. Nc1 c5 26. axb5 cxb4 27. bxa6 bxc3 28. Nh4 g6 29. Re3 Rcd8 30. Rxd8 Rxd8 31. Rxc3 Qa5 32. Bxf4 exf4 33. f3 Bb4 34. Rd3 Rb8 35. Ng2 h5 36. Nxf4 Qg5 37. Ng2 hxg4 38. hxg4 Nxg4 39. fxg4 Bxe4 40. Rd8+ 1-0


[Site "https://www.chess.com"]

[Event "Titled Tuesday Blitz May 16 Early 2023"]
[White "Marcziter, Dmitrii"]
[Black "Mazurkiewicz, Michal"]
[WhiteFideId "13900765"]
[BlackFideId "1124943"]
[WhiteElo "2162"]
[BlackElo "2054"]
[Result "1-0"]
[Round "09"]
[TimeControl "180+2"]
[Date "2023.05.16"]
[WhiteClock "0:01:14"]
[BlackClock "0:00:50"]

1. d4 Nf6 2. c4 e5 3. dxe5 Ng4 4. Nf3 Bc5 5. e3 Nc6 6. Nc3 O-O 7. Be2 Re8 8. b3 a5 9. Bb2 Ncxe5 10. Nxe5 Nxe5 11. O-O Ra6 12. Ne4 Bf8 13. Qd5 Rh6 14. g3 d6 15. Rfe1 Bg4 16. Bxe5 Rxe5 17. Qd4 c5 18. Qd3 Bf5 19. f3 Qe7 20. Rad1 Qe6 21. Qd2 Bxe4 22. fxe4 Rxe4 23. Bf3 Re5 24. Bd5 Qe7 25. Rf1 Rf6 26. Rxf6 Qxf6 27. Rf1 Qf5 28. Rxf5 1-0


[Site "https://www.chess.com"]

[Event "Titled Tuesday Blitz May 16 Early 2023"]
[White "Chakravarthi Reddy, M"]
[Black "Hinds, Nathan"]
[WhiteFideId "25009532"]
[BlackFideId "7400730"]
[WhiteElo "2201"]
[BlackElo "2001"]
[Result "1/2-1/2"]
[Round "09"]
[TimeControl "180+2"]
[Date "2023.05.16"]
[WhiteClock "0:00:05"]
[BlackClock "0:00:16"]

1. e4 c6 2. d4 d5 3. e5 c5 4. Nf3 Nc6 5. dxc5 Bg4 6. Bb5 e6 7. b4 Ne7 8. O-O Ng6 9. Re1 Qc7 10. Bb2 Be7 11. Nbd2 O-O 12. Bxc6 Qxc6 13. h3 Bxf3 14. Nxf3 Qc7 15. Qd2 Rfd8 16. Nd4 Rac8 17. Nb5 Qb8 18. Nd6 Rc6 19. Bd4 Bxd6 20. exd6 b6 21. a4 bxc5 22. Bxc5 Nf8 23. Qd4 Qc8 24. Bxa7 Rxc2 25. b5 Nd7 26. b6 Rc4 27. Qd2 Nc5 28. a5 Rxd6 29. Rec1 Rxc1+ 30. Rxc1 Rc6 31. Qc2 Qb7 32. a6 Qxa6 33. b7 Qxb7 34. Bxc5 h6 35. Qa4 Qc7 36. Qa3 Kh7 37. Qd3+ g6 38. Qa3 h5 39. Be3 Rxc1+ 40. Bxc1 Qd7 41. Qe3 Qd6 42. Qh6+ Kg8 43. Bb2 e5 44. Qg5 d4 45. Bc1 Qe6 46. Qd8+ Kg7 47. Ba3 d3 48. Qf8+ Kh7 49. Bc1 Qf6 50. Qh6+ Kg8 51. Qe3 Qf5 52. Bb2 f6 53. Qd2 e4 54. Qe3 Qd5 55. Bc3 f5 56. h4 Kf7 57. g3 Ke6 58. Qb6+ Qd6 59. Qxd6+ Kxd6 60. Kf1 Kd5 61. Ke1 Kc4 62. Kd2 Kd5 63. Ke3 Kc4 64. Bd2 Kb3 65. Ba5 Kc2 66. Bd2 Kd1 67. Ba5 Kc2 68. Bd2 Kd1 69. Bb4 Kc2 70. Bd2 1/2-1/2


[Site "https://www.chess.com"]

[Event "Titled Tuesday Blitz May 16 Early 2023"]
[White "Goswami, Vedant"]
[Black "Smietanska, Wiktoria"]
[WhiteFideId "5003725"]
[BlackFideId "21869359"]
[WhiteElo "2011"]
[BlackElo "1995"]
[Result "0-1"]
[Round "09"]
[TimeControl "180+2"]
[Date "2023.05.16"]
[WhiteClock "0:00:04"]
[BlackClock "0:00:19"]

1. b3 e5 2. Bb2 Nc6 3. e3 d5 4. Bb5 Qd6 5. Nf3 f6 6. Ba3 Qe6 7. Bxf8 Kxf8 8. O-O Nge7 9. d4 e4 10. Nfd2 a6 11. Be2 Kf7 12. c4 Rf8 13. Nc3 b5 14. cxd5 Nxd5 15. Ncxe4 h6 16. Rc1 f5 17. Nc5 Qf6 18. Bf3 Nce7 19. e4 fxe4 20. Ndxe4 Qf5 21. Ng3 Qg5 22. Re1 c6 23. Re5 Qf4 24. Nh5 Qh4 25. g3 Qh3 26. Bg2 Qg4 27. Bf3 Qh3 28. Ne4 Kg8 29. Bg2 Qg4 30. Nd6 Qxd1+ 31. Rxd1 Bg4 32. Rde1 Ng6 33. Bxd5+ cxd5 34. Rxd5 Rfd8 35. Rc1 Bxh5 36. Rxh5 Rxd6 37. Rhc5 Rxd4 38. Rc8+ Rxc8 39. Rxc8+ Kh7 40. Rc6 a5 41. Ra6 a4 42. Rb6 axb3 43. axb3 Rb4 0-1


[Site "https://www.chess.com"]

[Event "Titled Tuesday Blitz May 16 Early 2023"]
[White "Skaric, Djuro"]
[Black "Jaivardhan Raj"]
[WhiteFideId "934569"]
[BlackFideId "25744437"]
[WhiteElo "2282"]
[BlackElo "1772"]
[Result "1-0"]
[Round "09"]
[TimeControl "180+2"]
[Date "2023.05.16"]
[WhiteClock "0:00:22"]
[BlackClock "0:00:20"]

1. g3 g6 2. Bg2 Bg7 3. d3 e6 4. e4 Ne7 5. Nc3 d6 6. f4 Nd7 7. Nf3 b6 8. O-O Bb7 9. g4 O-O 10. g5 c5 11. h4 f6 12. gxf6 Nxf6 13. Ng5 Qd7 14. Bh3 Kh8 15. Bxe6 Qe8 16. Bh3 Nc6 17. Ne6 Rf7 18. Nxg7 Rxg7 19. Bd2 Nd4 20. Ne2 Nxe2+ 21. Qxe2 Qf7 22. Bc3 b5 23. a3 a5 24. b4 axb4 25. axb4 Re8 26. Qg2 d5 27. e5 Nh5 28. Ra7 d4 29. Rxb7 Qxb7 30. Qxb7 Rxb7 31. Bb2 Rf7 32. f5 Ng3 33. bxc5 Nxf1 34. Kxf1 gxf5 35. Bxd4 Re6 36. Kg2 Kg8 37. Kf3 Kf8 38. Kf4 Rh6 39. Bf2 Ke7 40. d4 Ke6 41. c6 Ke7 42. d5 Kd8 43. Bb6+ Kc8 44. Bxf5+ Kb8 45. e6 Rg7 46. Bf2 Kc7 47. Ke5 Rg2 48. d6+ Kxc6 49. Be4# 1-0


[Site "https://www.chess.com"]

[Event "Titled Tuesday Blitz May 16 Early 2023"]
[White "ritanovikova"]
[Black "Prieto Aranguren, Alain"]
[BlackFideId "2268906"]
[WhiteElo "2134"]
[BlackElo "2209"]
[Result "0-1"]
[Round "09"]
[TimeControl "180+2"]
[Date "2023.05.16"]
[WhiteClock "0:00:18"]
[BlackClock "0:00:14"]

1. e4 c6 2. d4 d5 3. Nd2 dxe4 4. Nxe4 Nf6 5. Nxf6+ exf6 6. Nf3 Bd6 7. Be2 O-O 8. Be3 Nd7 9. O-O Re8 10. c4 Nf8 11. d5 c5 12. b4 b6 13. bxc5 bxc5 14. Qc2 Ng6 15. g3 Bh3 16. Rfe1 Qd7 17. Nd2 Be5 18. Rab1 Rac8 19. Rb5 Bd4 20. Nf1 Ne5 21. f4 Ng4 22. Bxd4 cxd4 23. Qd2 Ne3 24. Nxe3 dxe3 25. Qb2 Qe7 26. Bf3 Rxc4 27. Rb7 Qd8 28. Qb3 Rc8 29. Rxe3 Rc1+ 30. Kf2 Rf1+ 31. Ke2 Rxe3+ 32. Qxe3 h5 33. Qb3 Qe7+ 34. Kd2 Qe1+ 35. Kc2 Rf2+ 36. Kd3 Rxf3+ 37. Kc4 Rxb3 38. axb3 Qd2 39. Rxa7 Qc2+ 40. Kb4 Qd2+ 41. Kc4 Bf1+ 42. Kc5 Qe3+ 43. Kd6 Qxa7 44. f5 Kh7 45. b4 Bb5 46. g4 Qd7+ 47. Kc5 hxg4 48. d6 Qxf5+ 49. Kb6 Bd7 50. Kc7 Qb5 51. Kd8 f5 52. Ke7 f4 53. h4 f3 54. h5 f2 55. h6 f1=Q 56. hxg7 Qfe2+ 57. Kf8 Qb8+ 58. Kxf7 Qbe8+ 59. Kf6 Q2e5# 0-1


[Site "https://www.chess.com"]

[Event "Titled Tuesday Blitz May 16 Early 2023"]
[White "Grabinsky, Vladimir"]
[Black "KorolDimitriy75"]
[WhiteFideId "14107074"]
[WhiteElo "2027"]
[BlackElo "2473"]
[Result "0-1"]
[Round "09"]
[TimeControl "180+2"]
[Date "2023.05.16"]
[WhiteClock "0:00:00"]
[BlackClock "0:01:12"]

1. e4 c5 2. b4 cxb4 3. a3 d5 4. exd5 Qxd5 5. Nf3 bxa3 6. Nxa3 Nc6 7. Nb5 Qd8 8. Bc4 Nf6 9. Bb2 e6 10. Ne5 Be7 11. Nxc6 bxc6 12. Nxa7 Bd7 13. O-O Qb6 14. Bxf6 Bxf6 15. Ra6 Qb7 0-1


[Site "https://www.chess.com"]

[Event "Titled Tuesday Blitz May 16 Early 2023"]
[White "Papayan, Oleg"]
[Black "Ankudinova, Yelena"]
[WhiteFideId "4193911"]
[BlackFideId "13702114"]
[WhiteElo "2171"]
[BlackElo "1937"]
[Result "1-0"]
[Round "09"]
[TimeControl "180+2"]
[Date "2023.05.16"]
[WhiteClock "0:02:30"]
[BlackClock "0:01:49"]

1. e4 c6 2. Nc3 d5 3. Nf3 dxe4 4. Nxe4 Nd7 5. Bc4 e6 6. Qe2 Ngf6 7. Neg5 Be7 8. Nxf7 Kxf7 9. Qxe6+ Kg6 10. Qf7+ Kh6 11. d4+ g5 12. Bxg5# 1-0


[Site "https://www.chess.com"]